 Dungeon Crawl Stone Soup version 0.15.2 (webtiles) character file.

33338 bwiles81 the Stickfighter (level 13, -2/127 HPs)
             Began as a Minotaur Gladiator on Dec 17, 2014.
             Was a High Priest of Okawaru.
             Slain by a 11-headed hydra (3 damage)
             ... on Level 4 of the Lair of Beasts.
             The game lasted 00:50:54 (14272 turns).

bwiles81 the Stickfighter (Minotaur Gladiator)     Turns: 14272, Time: 00:50:54

HP  -2/127       AC 19     Str 21      XL: 13   Next: 36%
MP   5/5         EV  4     Int  5      God: Okawaru [*****.]
Gold 967         SH  0     Dex 15      Spells:  0 memorised, 12 levels left

rFire  + + .     SeeInvis .     j - +5 lajatang of Okawaru's Benevolence {vamp, rPois rF++}
rCold  . . .     Clarity  +     g - +0 plate armour
rNeg   . . .     rCorr    .     (no shield)
rPois  +         rRot     .     (helmet unavailable)
rElec  .         Spirit   .     F - +2 cloak {rPois}
SustAb .         Warding  .     k - +0 pair of gloves
rMut   .         Stasis   .     (no boots)
Gourm  .                        (no amulet)
MR     .....                    (no ring)
                                (no ring)

@: petrifying, very slow, not resistant to hostile enchantments, extremely
unstealthy
A: retaliatory headbutt, horns 3, clarity, regeneration 1, screaming 1
a: Heroism, Finesse, Renounce Religion


You were on level 4 of the Lair of Beasts.
You worshipped Okawaru.
Okawaru was extremely pleased with you.
You were not hungry.

You visited 2 branches of the dungeon, and saw 13 of its levels.
You also visited: Ice Cave.

You collected 967 gold pieces.

Inventory:

Hand weapons
 j - the +5 lajatang of Okawaru's Benevolence (weapon) {vamp, rPois rF++}
   (Okawaru gifted it to you on level 2 of the Lair of Beasts)

   It inflicts no extra harm, but heals its wielder somewhat when it strikes a
   living foe.
   It greatly protects you from fire.
   It protects you from poison.
 m - a +2 quarterstaff of chaos
 x - the +11 morningstar "Eos" {elec, -Tele rElec SInv}
   (You found it on level 5 of the Dungeon)

   Occasionally, upon striking a foe, it will discharge some electrical energy
   and cause terrible harm.
   It insulates you from electricity.
   It enhances your eyesight.
   It prevents most forms of teleportation.
Armour
 d - a +1 cloak of poison resistance
 g - a +0 plate armour (worn)
 k - a +0 pair of gloves (worn)
 F - a +2 cloak of poison resistance (worn)
 U - a +1 large shield of cold resistance
Magical devices
 a - a wand of polymorph (0)
 c - a wand of slowing (16)
 l - a wand of cold (4)
 n - a wand of confusion (8)
 q - a wand of lightning (5) {unknown}
 J - a wand of fireball (4)
 M - a wand of teleportation (0)
 N - a wand of slowing (7)
 O - a wand of confusion (7)
Comestibles
 f - 12 bread rations
 p - 3 meat rations
 v - 4 beef jerkies
 C - 2 slices of pizza
 P - 3 fruits
Scrolls
 b - 5 scrolls of remove curse
 e - 3 scrolls of identify
 i - 6 scrolls of enchant weapon
 o - 4 scrolls of fear
 t - 2 scrolls of amnesia
 z - a scroll of vulnerability {unknown}
 A - 3 scrolls of enchant armour
 B - 2 scrolls of teleportation
 E - a scroll of immolation {unknown}
 I - 3 scrolls of fog
Jewellery
 u - a +5 ring of protection {unknown}
 y - a +2 ring of evasion
 X - an uncursed ring of protection from cold
Potions
 h - 6 potions of curing
 r - a potion of haste
 s - 6 potions of restore abilities
 G - a potion of resistance
 L - a potion of cancellation
 Q - 2 potions of might
 S - 3 potions of flight
 T - a potion of heal wounds
Books
 w - a book of Air

   Spells                             Type                      Level
   Shock                              Conjuration/Air              1
   Swiftness                          Charms/Air                   2
   Repel Missiles                     Charms/Air                   2
   Flight                             Charms/Air                   3
   Static Discharge                   Conjuration/Air              3
   Lightning Bolt                     Conjuration/Air              5
Miscellaneous
 D - a lantern of shadows


   Skills:
 * Level 15.3 Fighting
 * Level 15.4 Staves
 - Level 2.0 Throwing
 + Level 10.8 Armour
 + Level 10.9 Dodging
 - Level 2.7 Shields


You had 12 spell levels left.
You didn't know any spells.

Dungeon Overview and Level Annotations

Branches:
Dungeon (9/15)             Temple (0/1) D:6            Lair (4/8) D:9
 Spider (0/5) Lair:3
    Orc: D:9-12       Swamp: Lair:3-6    Shoals: Lair:3-6

Altars:
Ashenzari
Dithmenos
Elyvilon
Fedhas
Kikubaaqudgha
Makhleb
Okawaru
Qazlal
Sif Muna
Trog
Yredelemnul

Shops:
D:9 }


Innate Abilities, Weirdness & Mutations

You reflexively headbutt those who attack you in melee.
You have a pair of large horns on your head.
You possess an exceptional clarity of mind.
Your natural rate of healing is unusually fast.
You occasionally shout uncontrollably at your foes.


Message History

The 11-headed hydra barely misses you.
The 11-headed hydra bites you but does no damage.
The 11-headed hydra bites you.
* * * LOW HITPOINT WARNING * * *
The 11-headed hydra bites you but does no damage. x3
You see here a basilisk corpse.
The basilisk gazes at you.
You are slowing down.
The basilisk gazes at you.
You easily resist.
The 11-headed hydra closely misses you.
The 11-headed hydra bites you but does no damage.
The 11-headed hydra bites you!
* * * LOW HITPOINT WARNING * * *
The 11-headed hydra bites you.
* * * LOW HITPOINT WARNING * * *
The 11-headed hydra bites you but does no damage.
The 11-headed hydra bites you. The 11-headed hydra bites you!
* * * LOW HITPOINT WARNING * * *
The 11-headed hydra barely misses you. The 11-headed hydra bites you.
You die...

...#...........# ####P....P#
..###........P## ##P#......#
.###..........# #.........#
.# ##....##..###
#........P## .#
##...#.....###....(.....##
.# ###..#.....##...........#
.## ##........##l##.##....##
..## #......#P....#####..###
...## #.....#(.D@..##.#...##
....###............%#......#
....%###......%....#%......#
......%%###......#.##%.....#
..........#..#....####....##
...#.........#...##.#.....#
.#####.....#######........#
..#...##...#. #..#.#%%.#
..#...##...#.. #...ยง.##..#


You could see a 11-headed hydra and a basilisk.

Vanquished Creatures
  Gastronok (D:8)
  A white draconian (IceCv)
  The ghost of bwiles81 the Cruncher, a powerful MiGl of the Shining One (IceCv)
  5 hydras
  Erica (Lair:1)
  Nergalle (Lair:4)
  The ghost of isthmus the Martial Artist, an experienced DgTm (D:7)
  A hill giant (D:6)
  An ice statue (IceCv)
  Erolcha (D:8)
  Pikel (D:6)
  Maurice (D:8)
  A spiny frog (Lair:2)
  3 komodo dragons
  3 fire drakes (Lair:4)
  Grinder (D:3)
  15 polar bears (IceCv)
  4 blink frogs (Lair:2)
  A boulder beetle (Lair:4)
  5 basilisks (Lair:4)
  A spriggan (D:7)
  9 wyverns (Lair:4)
  27 yaks
  The ghost of araganzar the Cudgeler, an average OgSk (D:3)
  A deep elf mage (D:5)
  Eustachio (D:8)
  5 hippogriffs
  19 wolves
  Edmund (D:8)
  Menkaure (D:4)
  3 wargs (D:9)
  4 porcupines
  A black bear (D:6)
  A phantom (D:7)
  4 water moccasins
  5 orc warriors
  6 ogres
  3 crocodiles
  4 centaurs
  10 ice beasts
  Sigmund (D:3)
  Duvessa (D:7)
  16 giant frogs
  3 scorpions
  4 goliath beetles
  4 wights (D:8)
  The ghost of bwiles81 the Twirler, a weakling MiGl (D:4)
  A hippogriff skeleton (D:9)
  8 hounds
  Dowan (D:7)
  2 giant frog zombies
  Crazy Yiuf (D:7)
  2 giant frog skeletons
  2 jellies
  A two-headed ogre skeleton (D:9)
  3 orc priests
  An elf skeleton (D:6)
  17 orc wizards
  8 iguanas
  5 worker ants
  A quasit (D:6)
  11 sheep
  2 ogre zombies
  A hound zombie (D:6)
  An ogre skeleton (D:9)
  Terence (D:2)
  9 adders
  2 shadow imps (D:7)
  23 green rats
  A white imp (D:8)
  4 giant mites
  2 worms (D:2)
  An adder skeleton (D:9)
  3 giant geckos (D:3)
  An ooze (D:6)
  34 orcs
  26 bats
  7 giant cockroaches
  15 goblins
  17 hobgoblins
  9 jackals
  6 quokkas
  4 ball pythons
  5 giant newts
  A giant spore (D:9)
  13 kobolds
  2 kobold skeletons
  2 orc skeletons
  13 rats
  A rat skeleton (D:7)
  5 ballistomycetes
461 creatures vanquished.

Vanquished Creatures (others)
  4 slaves (D:6)
  An orc priest (D:6)
  2 giant spores (D:7)
  An orc skeleton (D:6)
8 creatures vanquished.

Grand Total: 469 creatures vanquished

Notes
Turn   | Place    | Note
--------------------------------------------------------------
     0 | D:1      | bwiles81, the Minotaur Gladiator, began the quest for the Orb.
     0 | D:1      | Reached XP level 1. HP: 18/18 MP: 1/1
   489 | D:1      | Reached XP level 2. HP: 25/25 MP: 1/1
   607 | D:1      | Reached skill level 4 in Staves
   801 | D:2      | Reached skill level 1 in Armour
   801 | D:2      | Reached XP level 3. HP: 29/31 MP: 2/2
   836 | D:2      | Found a bloodstained altar of Trog.
  1181 | D:2      | Noticed Terence
  1197 | D:2      | Killed Terence
  1397 | D:3      | Reached XP level 4. HP: 37/40 MP: 2/2
  1404 | D:3      | Noticed Sigmund
  1419 | D:3      | Killed Sigmund
  1419 | D:3      | Reached skill level 5 in Staves
  1419 | D:3      | Reached XP level 5. HP: 36/47 MP: 2/2
  1656 | D:3      | Noticed araganzar's ghost (average OgSk)
  1657 | D:3      | Noticed a giant frog
  1678 | D:3      | Killed araganzar's ghost
  1678 | D:3      | Reached skill level 5 in Fighting
  1678 | D:3      | Reached XP level 6. HP: 30/56 MP: 3/3
  1680 | D:3      | Killed a giant frog
  2138 | D:3      | Reached skill level 6 in Staves
  2354 | D:3      | Noticed Grinder
  2370 | D:3      | Paralysed by Grinder for 4 turns
  2379 | D:3      | Killed Grinder
  2379 | D:3      | Reached XP level 7. HP: 38/62 MP: 3/3
  2941 | D:4      | Noticed Menkaure
  2950 | D:4      | Killed Menkaure
  2950 | D:4      | Reached skill level 7 in Staves
  3370 | D:4      | Noticed bwiles81's ghost (weakling MiGl)
  3378 | D:4      | Killed bwiles81's ghost
  3378 | D:4      | Reached skill level 5 in Dodging
  3540 | D:4      | Reached XP level 8. HP: 69/73 MP: 3/3
  3849 | D:4      | Found a basalt altar of Yredelemnul.
  3853 | D:4      | Found a shattered altar of Ashenzari.
  3854 | D:4      | Found an ancient bone altar of Kikubaaqudgha.
  3854 | D:4      | Found a blossoming altar of Fedhas.
  3854 | D:4      | Found a stormy altar of Qazlal.
  3855 | D:4      | Found a shadowy altar of Dithmenos.
  3856 | D:4      | Found a burning altar of Makhleb.
  3857 | D:4      | Found a white marble altar of Elyvilon.
  3858 | D:4      | Found a deep blue altar of Sif Muna.
  3859 | D:4      | Found a bloodstained altar of Trog.
  3860 | D:4      | Found an iron altar of Okawaru.
  3864 | D:4      | Became a worshipper of Warmaster Okawaru
  4002 | D:5      | Entered Level 5 of the Dungeon
  4127 | D:5      | Reached skill level 8 in Staves
  4831 | D:6      | Found a shattered altar of Ashenzari.
  4879 | D:6      | Noticed a seven-headed hydra
  4882 | D:6      | Noticed a hill giant
  4885 | D:6      | Acquired Okawaru's first power
  4911 | D:6      | Reached skill level 9 in Staves
  5168 | D:6      | Noticed Pikel
  5185 | D:6      | Killed Pikel
  5185 | D:6      | Reached skill level 5 in Armour
  5185 | D:6      | Reached XP level 9. HP: 72/83 MP: 4/4
  5499 | D:6      | Found a staircase to the Ecumenical Temple.
  5556 | D:6      | Reached skill level 10 in Staves
  5910 | D:6      | Gained mutation: You occasionally shout uncontrollably at your foes. [potion of mutation]
  5910 | D:6      | Gained mutation: You possess an exceptional clarity of mind. [potion of mutation]
  5910 | D:6      | Gained mutation: You have a pair of large horns on your head. [potion of mutation]
  6186 | D:6      | Killed a hill giant
  6186 | D:6      | Reached skill level 10 in Fighting
  6471 | D:6      | Killed a seven-headed hydra
  6471 | D:6      | Reached skill level 11 in Staves
  6471 | D:6      | Reached XP level 10. HP: 37/94 MP: 2/4
  6795 | D:7      | Noticed Dowan
  6799 | D:7      | Noticed Duvessa
  6804 | D:7      | Killed Duvessa
  6809 | D:7      | Killed Dowan
  6815 | D:7      | Noticed isthmus' ghost (experienced DgTm)
  6826 | D:7      | Killed isthmus' ghost
  7417 | D:7      | Noticed Crazy Yiuf
  7424 | D:7      | Killed Crazy Yiuf
  7750 | D:8      | Noticed Gastronok
  7759 | D:8      | Killed Gastronok
  7759 | D:8      | Reached skill level 12 in Staves
  7877 | D:8      | Noticed Eustachio
  7880 | D:8      | Noticed Edmund
  7931 | D:8      | Killed Eustachio
  7956 | D:8      | Killed Edmund
  7956 | D:8      | Reached XP level 11. HP: 104/104 MP: 4/4
  8059 | D:8      | Noticed Maurice
  8192 | D:8      | Noticed Erolcha
  8196 | D:8      | Killed Erolcha
  8464 | D:8      | Killed Maurice
  8968 | D:9      | Found Ghyts' Gadget Emporium.
  9394 | D:9      | Found a staircase to the Lair.
  9598 | Lair:1   | Entered Level 1 of the Lair of Beasts
  9751 | Lair:1   | Reached skill level 13 in Staves
  9812 | Lair:1   | Noticed Erica
  9818 | Lair:1   | Killed Erica
  9886 | Lair:2   | Found a frozen archway.
  9936 | IceCv    | Entered an ice cave
 10205 | IceCv    | Reached XP level 12. HP: 76/115 MP: 3/5
 10446 | IceCv    | Noticed bwiles81's ghost (powerful MiGl)
 10463 | IceCv    | Killed bwiles81's ghost
 10463 | IceCv    | Acquired Okawaru's second power
 10506 | IceCv    | Noticed an ice statue
 10534 | IceCv    | Gained mutation: Your natural rate of healing is unusually fast. [potion of beneficial mutation]
 10550 | IceCv    | Killed an ice statue
 10724 | IceCv    | Reached skill level 14 in Staves
 10733 | IceCv    | Received a gift from Okawaru
 10769 | IceCv    | Noticed a white draconian
 10800 | IceCv    | Killed a white draconian
 10800 | IceCv    | Reached skill level 10 in Dodging
 11243 | Lair:2   | Noticed a seven-headed hydra
 11249 | Lair:2   | Killed a seven-headed hydra
 11249 | Lair:2   | Reached skill level 10 in Armour
 11249 | Lair:2   | Reached skill level 1 in Shields
 11614 | Lair:2   | Received a gift from Okawaru
 11622 | Lair:2   | Got a sapphire lajatang {god gift}
 12561 | Lair:3   | Identified the +5 lajatang of Okawaru's Benevolence {vamp, rPois rF++} (Okawaru gifted it to you on level 2 of the Lair of Beasts)
 12797 | Lair:3   | Found a hole to the Spider Nest.
 12862 | Lair:3   | Noticed a six-headed hydra
 12874 | Lair:3   | Killed a 11-headed hydra
 13375 | Lair:4   | Reached XP level 13. HP: 78/125 MP: 5/5
 13398 | Lair:4   | Reached skill level 15 in Fighting
 13412 | Lair:4   | Noticed Nergalle
 13424 | Lair:4   | Killed Nergalle
 13424 | Lair:4   | Reached skill level 15 in Staves
 13746 | Lair:4   | Noticed a five-headed hydra
 13747 | Lair:4   | Noticed a six-headed hydra
 13982 | Lair:4   | Noticed a five-headed hydra
 13991 | Lair:4   | Killed an eight-headed hydra
 14272 | Lair:4   | HP: 6/127 [11-headed hydra (2)]
 14272 | Lair:4   | HP: 1/127 [11-headed hydra (5)]
 14272 | Lair:4   | Slain by a 11-headed hydra

Action                   |  1- 3 |  4- 6 |  7- 9 | 10-12 | 13-15 || total
-------------------------+-------+-------+-------+-------+-------++-------
Melee: Quarterstaff      |    93 |   112 |   178 |       |       ||   383
       Morningstar       |       |       |    88 |   485 |       ||   573
       Unarmed           |       |       |       |     3 |       ||     3
       Lajatang          |       |       |       |    50 |   145 ||   195
Invok: Heroism           |       |       |     1 |     7 |     2 ||    10
Evoke: Wand              |     1 |       |       |     7 |     1 ||     9
  Use: Scroll            |     5 |       |     8 |    11 |     3 ||    27
       Potion            |     2 |       |     6 |     6 |       ||    14
  Eat: Chunk             |     1 |     4 |    12 |    16 |     1 ||    34
       Fruit             |       |       |     2 |     6 |     2 ||    10
       Pizza             |       |       |       |     1 |       ||     1
       Meat ration       |       |       |       |     1 |       ||     1
